 Dungeon Crawl Stone Soup version 0.25.1-2-g60ff931df9 (webtiles) character file.

Game seed: 482344490382424696

203 Lavandula the Shooter (level 5, 0/40 HPs)
             Began as a Centaur Arcane Marksman on Oct 3, 2020.
             Slain by an orc priest
             ... wielding a +0 flail
              (8 damage)
             ... on level 3 of the Dungeon.
             The game lasted 00:07:42 (3472 turns).

Lavandula the Shooter (Centaur Arcane Marksman)     Turns: 3472, Time: 00:07:42

Health: 0/40       AC:  4    Str: 11 (13) XL:     5   Next: 51%
Magic:  9/9        EV:  9    Int:  9 (12) God:
Gold:   134        SH:  0    Dex:  7 (10) Spells: 3/9 levels left

rFire    . . .     SeeInvis .   d - +0 falchion
rCold    . . .     Gourm    .   (no shield)
rNeg     . . .     Faith    .   e - +0 robe
rPois    .         Spirit   .   (no helmet)
rElec    .         Reflect  .   (no cloak)
rCorr    .         Harm     .   (no gloves)
MR       .....                  (no barding)
Stlth    +.........             (no amulet)
HPRegen  0.13/turn              (no ring)
MPRegen  0.11/turn              (no ring)

@: hasted, very quick
A: large, hooves 3, deformed body, speed 2, tough skin 3
a: no special abilities


You were on level 3 of the Dungeon.
You were not hungry.

You visited 1 branch of the dungeon, and saw 3 of its levels.

You collected 134 gold pieces.

Inventory:

Hand Weapons
 a - a +0 shortbow
 d - a +0 falchion (weapon)
Missiles
 j - 10 poisoned darts (quivered)
Armour
 e - a +0 robe (worn)
Scrolls
 b - a scroll of identify {unknown}
 c - a scroll of remove curse {unknown}
 g - 2 scrolls of enchant weapon {unknown}
 h - a scroll of noise {unknown}
 k - a scroll of immolation {unknown}
Comestibles
 f - 4 rations


   Skills:
 - Level 1.0 Fighting
 - Level 5.9 Bows
 - Level 1.3 Dodging
 + Level 2.9 Spellcasting
 - Level 2.6 Hexes


You had 3 spell levels left.
You knew the following spells:

 Your Spells              Type           Power        Failure   Level  Hunger
a - Corona                Hex            #......      10%         1    ##.....
b - Slow                  Hex            #.......     16%         2    ###....
c - Inner Flame           Hex/Fire       #.......     47%         3    ####...

Your spell library contained the following spells:

 Spells                   Type           Power        Failure   Level  Hunger
 Portal Projectile        Hex/Tloc       #.....       47%         3    ####...
 Cause Fear               Hex            #.........   69%         4    #####..
 Leda's Liquefaction      Hex/Erth       #.........   87%         4    #####..


Dungeon Overview and Level Annotations

Branches:
Dungeon (3/15)

Altars:


Innate Abilities, Weirdness & Mutations

You have hooves in place of feet.
Armour fits poorly on your strangely shaped body.
You cover ground very quickly.
You have extremely tough skin. (AC +3)


Message History

The orc barely misses you.
You riposte.
You closely miss the orc. You kick the orc.
You kill the orc!
Throwing (i - inventory)
j - 11 poisoned darts (quivered)
Press: ? - help, Shift-Dir - straight line, f - adder
Aim: an adder You throw a poisoned dart.
The poisoned dart hits the orc priest.
The orc priest is moderately wounded.
The orc priest hits you with a +0 flail!
* * * LOW HITPOINT WARNING * * *
Throwing (i - inventory)
j - 10 poisoned darts (quivered)
Press: ? - help, Shift-Dir - straight line, f/p - adder
Aim: an adder
Okay, then.
It was a potion of haste.
You feel yourself speed up.
It was a potion of degeneration.
There was something very wrong with that liquid.
You feel weakened.
You feel dopey.
You feel clumsy.
The orc priest hits you with a +0 flail!
You die...

... #......#
#.#######....# ...
#......# #g#
#....### ...#
#......# #.#
##o.....
...#####......# #r#
#).....
............#.# #.#
.........S..
#...........#.# #.#
.######.....
#.............# #.#
#.....
#..........#..####o#
#.....
#...............@oS#
#.....
#..........##.######
#.....
'............>#
......
#..........####
#..........#
#..........#
#..........#
###########


You could see an orc priest, an adder and an orc.

Vanquished Creatures
  2 orc priests (D:3)
  Terence (D:2)
  5 adders
  2 worms (D:2)
  3 leopard geckos
  3 orcs (D:3)
  A giant cockroach (D:3)
  7 goblins
  9 hobgoblins
  14 kobolds
  6 bats
  8 frilled lizards
  7 rats
68 creatures vanquished.

Notes
Turn   | Place    | Note
-------+----------+-------------------------------------------
     0 | D:1      | Lavandula the Centaur Arcane Marksman began the quest for
                  | the Orb.
     0 | D:1      | Reached XP level 1. HP: 16/16 MP: 2/2
    51 | D:1      | Reached skill level 3 in Bows
   164 | D:1      | Reached XP level 2. HP: 23/23 MP: 3/3
   307 | D:1      | Reached skill level 4 in Bows
  1007 | D:2      | Reached XP level 3. HP: 24/28 MP: 4/4
  1111 | D:2      | Noticed Terence
  1142 | D:2      | Killed Terence
  1142 | D:2      | Reached skill level 5 in Bows
  1344 | D:2      | Reached XP level 4. HP: 7/35 MP: 5/5
  2065 | D:2      | Learned a level 2 spell: Slow
  2670 | D:3      | Learned a level 3 spell: Inner Flame
  3193 | D:3      | Reached XP level 5. HP: 30/40 MP: 8/8
  3472 | D:3      | Slain by an orc priest

Illustrated notes

Levels and vault maps discovered:
D:1:      lightli_arrival_boilingwater, layout_basic
D:2:      layout_loops_ring, minmay_fractal_squares_gapless_5, uniq_terence
D:3:      layout_basic

Skill      XL: |  1  2  3  4 |
---------------+-------------+-----
Bows           | 3 4 5 |  5.9
Spellcasting   | 2 |  2.9
Fighting       | |  1.0
Dodging        | |  1.3
Hexes          | |  2.6

Action                   |  1- 3 |  4- 6 || total
-------------------------+-------+-------++-------
Melee: Falchion          |    12 |    74 ||    86
       Kick              |     1 |    10 ||    11
 Fire: Shortbow          |   101 |    34 ||   135
Throw: Dart              |       |    26 ||    26
 Cast: Corona            |    14 |     3 ||    17
  Use: Potion            |       |     2 ||     2
  Eat: Chunk             |     1 |     6 ||     7
Armor: Robe              |    17 |    30 ||    47
Dodge: Dodged            |    28 |    46 ||    74
       Rpst.: Falchion   |       |    13 ||    13
